[Event "UZB-ch Women 2020"]
[Site "Tashkent"]
[Date "2020.03.14"]
[Round "1.5"]
[White "Narzikulova, Gulhae"]
[Black "Khamdamova, Afruza"]
[Result "1/2-1/2"]
[ECO "D05"]
[WhiteElo "1837"]
[BlackElo "1809"]
[Annotator "NA RC"]
[PlyCount "65"]
[EventDate "2020.03.11"]
[EventType "tourn"]
[EventCountry "UZB"]
[SourceTitle "playchess.com"]
[Source "ChessBase"]
[SourceQuality "1"]
[TimeControl "5400+30"]

1. d4 Nf6 2. Nf3 d5 3. e3 e6 4. Bd3 Bd6 5. Nbd2 c5 6. c3 O-O 7. O-O Nc6 8. dxc5 Bxc5 9. b4 Bd6 10. Bb2 e5 11. e4 dxe4 12. Nxe4 Nxe4 13. Bxe4 Be6 14. Re1 f6 15. Qd3 f5 16. Bxc6 bxc6 17. Rad1 Bc7 18. Qe2 Qf6 19. Nxe5 Bxe5 20. Qxe5 Bxa2 21. Qxf6 Rxf6 22. c4 Rf7 23. Rd4 h6 24. Ra1 Bb3 25. Ra3 c5 26. bxc5 Rb8 27. Bc1 Re7 28. Be3 Bxc4 29. h4 Bb5 30. Rd6 Rc8 31. Rc3 Bc6 32. Kh2 Kf7 33. Rb3 1/2-1/2

[Event "UZB-ch Women 2020"]
[Site "Tashkent"]
[Date "2020.03.14"]
[Round "2.3"]
[White "Khegay, Yuliya"]
[Black "Omonova, Umida"]
[Result "0-1"]
[ECO "B36"]
[WhiteElo "1798"]
[BlackElo "1852"]
[Annotator "NA RC"]
[PlyCount "96"]
[EventDate "2020.03.11"]
[EventType "tourn"]
[EventCountry "UZB"]
[SourceTitle "playchess.com"]
[Source "ChessBase"]
[SourceQuality "1"]
[TimeControl "5400+30"]

1. e4 c5 2. Nf3 Nc6 3. d4 cxd4 4. Nxd4 g6 5. c4 Nf6 6. Nc3 d6 7. f3 Nxd4 8. Qxd4 Bg7 9. Be3 O-O 10. Qd2 a5 11. b3 a4 12. b4 Be6 13. Rc1 Qd7 14. Be2 Rfc8 15. Nb5 a3 16. O-O Ne8 17. Nd4 Nc7 18. Rfd1 Na6 19. c5 dxc5 20. Bb5 Qd6 21. Nxe6 fxe6 22. Qxd6 exd6 23. Bd7 Rd8 24. Bxe6+ Kh8 25. Bg5 Re8 26. Bb3 Nxb4 27. Rxd6 Rac8 28. Be3 Na6 29. Kf1 Be5 30. Rb6 Rc7 31. Ke2 Rd8 32. Rc4 Rcd7 33. Rc2 Kg7 34. Bg5 Rf8 35. Be6 Rc7 36. Bc4 Nb4 37. Rd2 Bxh2 38. Rd1 h5 39. Bd8 Rc8 40. Rxb7+ Kh6 41. Be7 Rfe8 42. Bf7 Rxe7 43. Rxe7 c4 44. Rc1 c3 45. Bb3 Bf4 46. Rc2 Nxc2 47. Bxc2 Rd8 48. Bb3 c2 0-1

[Event "UZB-ch Women 2020"]
[Site "Tashkent"]
[Date "2020.03.14"]
[Round "3.3"]
[White "Omonova, Umida"]
[Black "Saparova, Sitora"]
[Result "1-0"]
[ECO "B08"]
[WhiteElo "1852"]
[BlackElo "1972"]
[Annotator "RC"]
[PlyCount "73"]
[EventDate "2020.03.11"]
[EventType "tourn"]
[EventCountry "UZB"]
[SourceTitle "playchess.com"]
[Source "ChessBase"]
[SourceQuality "1"]
[TimeControl "5400+30"]

1. e4 g6 2. d4 Bg7 3. Nf3 d6 4. Be2 Nf6 5. Nc3 O-O 6. O-O Nbd7 7. e5 Ne8 8. Bf4 c6 9. Re1 Qa5 10. Bf1 d5 11. Qd2 Nc7 12. Nxd5 Qxd5 13. c4 Qe6 14. Ng5 Qf5 15. Bd3 Qg4 16. Be2 Qh4 17. g3 Qh6 18. h4 f6 19. exf6 Nxf6 20. Bxc7 Nh5 21. c5 Nf6 22. Bc4+ Nd5 23. Rxe7 Bf6 24. Rae1 Qh5 25. Re8 Bf5 26. Rxa8 Rxa8 27. Be5 Bd8 28. Ne4 Be7 29. Nf6+ Bxf6 30. Bxf6 h6 31. Re7 Rf8 32. Bxd5+ cxd5 33. Rg7+ Kh8 34. Be5 Be4 35. Rxg6+ Kh7 36. Rg7+ Kh8 37. Rg5+ 1-0

[Event "UZB-ch Women 2020"]
[Site "Tashkent"]
[Date "2020.03.14"]
[Round "4.4"]
[White "Narzikulova, Gulhae"]
[Black "Omonova, Umida"]
[Result "0-1"]
[ECO "D05"]
[WhiteElo "1837"]
[BlackElo "1852"]
[Annotator "NA RC"]
[PlyCount "60"]
[EventDate "2020.03.11"]
[EventType "tourn"]
[EventCountry "UZB"]
[SourceTitle "playchess.com"]
[Source "ChessBase"]
[SourceQuality "1"]
[TimeControl "5400+30"]

1. d4 d5 2. Nf3 Nf6 3. e3 c5 4. Bd3 Nc6 5. Nbd2 e6 6. O-O Bd6 7. c3 O-O 8. dxc5 Bxc5 9. b4 Bd6 10. Bb2 e5 {[%emt 0:08:21] D05: Colle System with ...e6.} 11. e4 Bg4 12. h3 {[%emt 0:08:08] 12.Re1 gains popularity.} Be6 {[%emt 0:05:39] [#]} 13. Ng5 $146 ({Predecessor:} 13. Re1 h6 14. exd5 Nxd5 15. Ne4 Be7 16. b5 Nf4 17. Bf1 Na5 18. Nxe5 Qxd1 19. Raxd1 {½-½ (36) Pasta,P (2112)-Dugo,I ICCF email 2011}) 13... h6 14. exd5 Bxd5 15. Nge4 Nxe4 16. Bxe4 Be6 17. Nf3 Qc7 18. Re1 Rfd8 19. Qe2 Ne7 20. Rad1 f5 21. Bb1 Bc4 22. Qc2 $1 (22. Bd3 $2 Bxd3 23. Rxd3 e4 $17 {[%mdl 64] Double Attack}) 22... e4 23. Nd2 Bf7 24. Ba1 ({Better is} 24. Nf1 $15) 24... Ng6 25. Nb3 Qe7 26. f3 $19 (26. Nd4 Qg5 27. Nxf5 Qxf5 28. Qxe4 Qxe4 29. Bxe4) 26... Qg5 27. Rxd6 Rxd6 28. fxe4 Bxb3 29. Qxb3+ Kh8 30. exf5 Qg3 0-1